 Dungeon Sprint DCSS version 0.18-a0-1351-gaffb144 (webtiles) character file.

167 sugabear the Twirler (level 5, -1/42 HPs)
             Began as a Demonspawn Gladiator on Feb 18, 2016.
             Was a Follower of Qazlal.
             Slain by an iguana (12 damage)
             ... in the Dungeon (Sprint VII: "The Pits").
             The game lasted 00:01:25 (700 turns).

sugabear the Twirler (Demonspawn Gladiator)          Turns: 700, Time: 00:01:25

Health: -1/42      AC:  4    Str: 15    XL:     5   Next: 23%
Magic:  9/9        EV: 21    Int:  9    God:    Qazlal [*.....]
Gold:   0          SH:  2    Dex: 20    Spells: 0 memorised, 4 levels left

rFire  . . .     SeeInvis .     m - +2 quarterstaff
rCold  . . .     Gourm    .     b - +0 leather armour
rNeg   . . .     Faith    .     (shield currently unavailable)
rPois  .         Spirit   .     c - +0 helmet
rElec  .         Dismiss  .     (no cloak)
rCorr  .         Reflect  .     (no gloves)
SustAt .         Harm     .     (no boots)
MR     .....     NoTele   +     (no amulet)
Stlth  ++........               (no ring)
                                (no ring)

@: agile, not resistant to hostile enchantments, unstealthy
A: powered by pain 1, sturdy frame 2
a: Renounce Religion


You were in the Dungeon.
You worshipped Qazlal.
Qazlal was aware of your devotion.
You were not hungry.

You visited 1 branch

Inventory:

Hand Weapons
 a - a +0 quarterstaff
 m - a +2 quarterstaff (weapon)
Missiles
 d - 4 throwing nets (quivered)
Armour
 b - a +0 leather armour (worn)
 c - a +0 helmet (worn)
Scrolls
 k - a scroll of blinking
 q - 3 scrolls of remove curse
 r - 5 scrolls of amnesia
 s - a scroll of summoning
Potions
 e - a potion of curing
 g - a potion of heal wounds
 h - a potion of haste
 i - 4 potions of magic
 j - 3 potions of berserk rage
 p - 2 potions of invisibility
Comestibles
 f - 8 bread rations
 l - 4 chunks of flesh
 n - 33 fruits
 o - 6 meat rations


   Skills:
 + Level 3.9 Fighting
 + Level 5.8 Staves
 + Level 2.8 Throwing
 + Level 2.9 Armour
 + Level 5.8 Dodging
 * Level 5.4 Invocations


You had 4 spell levels left.
You didn't know any spells.

Dungeon Overview and Level Annotations

Branches:
Dungeon (1/1)

Altars:
Ashenzari
Cheibriados
Dithmenos
Elyvilon
Fedhas
Gozag
Kikubaaqudgha
Makhleb
Nemelex Xobeh
Okawaru
Pakellas
Qazlal
Ru
Sif Muna
Trog
Vehumet
Xom
Yredelemnul
Zin
The Shining One
Beogh
Jiyva
Lugonu


Innate Abilities, Weirdness & Mutations

You sometimes gain a little power by taking damage.
Your movements are less encumbered by armour (ER -4).


Message History

You are too injured to fight recklessly!
You are too injured to fight recklessly!
Unknown command.
The iguana closely misses you.
Things that are here:
a club; a gnoll skeleton
There is an open door here.
You are too injured to fight recklessly!
You are too injured to fight recklessly!
You are too injured to fight recklessly!
You are too injured to fight recklessly!
You hit the iguana but do no damage.
The iguana is heavily wounded.
You barely miss the iguana.
The iguana is heavily wounded.
The iguana completely misses you. The giant newt misses you.
You hit the iguana but do no damage.
The iguana is heavily wounded.
The iguana bites you!
You die...

#__________#
#_#####'##############+
#_#.))'.'..##..........
#_#)))#.#?(##......#..#
#######'#####..........
#...........'..........
#'#####'#####......#..#
#.#....)# #..........
#.#..l@.# ####'#####+
#.###l### #.......#
#.#..)..# #.......#
#.#.....# #.......#
#.####'## #...<...# #.#
.G. #.......# #.# .....
#.......# #'########
#.......# #.. #########


You could see an iguana and a giant newt.

Vanquished Creatures
  A hungry ghost (D)
  3 gnolls (D)
  An ooze (D)
  A quokka (D)
6 creatures vanquished.

Notes
Turn   | Place    | Note
--------------------------------------------------------------
     0 | D        | sugabear the Demonspawn Gladiator began the quest for the Orb.
     0 | D        | Reached XP level 1. HP: 16/16 MP: 1/1
    14 | D        | Reached skill level 3 in Staves
    14 | D        | Gained mutation: Your movements are slightly less encumbered by armour (ER -2). [demonic ancestry]
    14 | D        | Reached XP level 2. HP: 21/23 MP: 2/2
    45 | D        | Found a sacrificial altar of Ru.
    45 | D        | Found a shadowy altar of Dithmenos.
    45 | D        | Found a bloodstained altar of Trog.
    45 | D        | Found a deep blue altar of Sif Muna.
    45 | D        | Found a shimmering altar of Xom.
    45 | D        | Found a sparkling altar of Nemelex Xobeh.
    45 | D        | Found a corrupted altar of Lugonu.
    45 | D        | Found a viscous altar of Jiyva.
    46 | D        | Found a basalt altar of Yredelemnul.
    46 | D        | Found a glowing golden altar of the Shining One.
    46 | D        | Found a shattered altar of Ashenzari.
    46 | D        | Found a white marble altar of Elyvilon.
    46 | D        | Found a snail-covered altar of Cheibriados.
    46 | D        | Found a blossoming altar of Fedhas.
    46 | D        | Found a radiant altar of Vehumet.
    46 | D        | Found a burning altar of Makhleb.
    46 | D        | Found an ancient bone altar of Kikubaaqudgha.
    46 | D        | Found a glowing silver altar of Zin.
    46 | D        | Found a roughly hewn altar of Beogh.
    46 | D        | Found an iron altar of Okawaru.
    47 | D        | Found an oddly glowing altar of Pakellas.
    51 | D        | Found a stormy altar of Qazlal.
    51 | D        | Found an opulent altar of Gozag.
    68 | D        | Became a worshipper of Qazlal Stormbringer
    84 | D        | Reached skill level 1 in Invocations
    86 | D        | Reached skill level 4 in Staves
   247 | D        | Noticed a hungry ghost
   289 | D        | Killed a hungry ghost
   289 | D        | Reached * piety under Qazlal
   289 | D        | Reached skill level 5 in Staves
   289 | D        | Reached skill level 5 in Dodging
   289 | D        | Reached skill level 5 in Invocations
   289 | D        | Reached XP level 3. HP: 4/30 MP: 3/6
   289 | D        | Gained mutation: You sometimes gain a little power by taking damage. [demonic ancestry]
   289 | D        | Reached XP level 4. HP: 4/37 MP: 3/7
   289 | D        | Gained mutation: Your movements are less encumbered by armour (ER -4). [demonic ancestry]
   289 | D        | Reached XP level 5. HP: 4/42 MP: 3/8
   690 | D        | Paralysed by a giant eyeball for 3 turns
   700 | D        | Slain by an iguana

Vault maps used:
D:        pitsprint

Action                   |  1- 3 |  4- 6 || total
-------------------------+-------+-------++-------
Melee: Quarterstaff      |    35 |    16 ||    51
  Eat: Meat ration       |     1 |       ||     1
       Fruit             |       |     7 ||     7
